 Dungeon Sprint DCSS version 0.31.0-9-g3a7656b989 (webtiles) character file.

Game seed: 7409611667966490451

65 Heoruswealwe the Poker (level 3, -15/37 HPs)
             Began as a Minotaur Fighter on Feb 2, 2024.
             Demolished by an ogre
             ... wielding a +0 giant spiked club
              (30 damage)
             ... in the Dungeon (Sprint IX: "|||||||||||||||||||||||||||||").
             The game lasted 00:00:35 (36 turns).

Heoruswealwe the Poker (Minotaur Fighter)             Turns: 36, Time: 00:00:36

Health: -15/37     AC:  7    Str: 22    XL:     3   Next: 94%
Magic:  2/2        EV:  9    Int:  5    God:
Gold:   0          SH:  4    Dex:  9    Spells: 2/2 levels left

rFire   . . .        a - +0 trident
rCold   . . .        d - +0 buckler
rNeg    . . .        c - +0 scale mail
rPois   .            (helmet restricted)
rElec   .            (no cloak)
rCorr   .            (no gloves)
SInv    .            (no boots)
Will    .....        (no amulet) Stlth
                     (no ring)
HPRegen 0.26/turn    (no ring)
MPRegen 0.08/turn

%: no teleportation
@: no status effects
A: horns 2, retaliatory headbutt
a: no special abilities


You were in the Dungeon.
You visited 1 branch

Inventory:

Hand Weapons
 a - a +0 trident (weapon)
Armour
 c - a +0 scale mail (worn)
 d - a +0 buckler (worn)
Scrolls
 j - a scroll of blinking
Potions
 b - a potion of might
 e - a potion of curing
 g - a potion of haste
 h - 2 potions of magic
 i - a potion of berserk rage


   Skills:
 + Level 5.8 Fighting
 * Level 6.9 Polearms
 + Level 5.8 Armour
 - Level 3.6 Shields


You had 2 spell levels left.
You didn't know any spells.
Your spell library was empty.

Dungeon Overview and Level Annotations

Branches:
Dungeon (1/1)

Altars:


Innate Abilities, Weirdness & Mutations

You have a pair of horns on your head.
You reflexively headbutt those who attack you in melee.


Message History

You miss the hound. Your headbutt misses the hound.
The hound closely misses you.
You barely miss the hound. The hound barely misses you. The hound bites you.
You closely miss the hound. The hound barely misses you. The hound bites you.
You miss the hound. The hound bites you.
You hit the hound but do no damage. The hound completely misses you.
The hound closely misses you.
You barely miss the hound. Your headbutt misses the hound.
You block the hound's attack.
You closely miss the hound. The hound barely misses you. The hound bites you.
You barely miss the hound. You headbutt the hound!
The hound is severely wounded.
The hound barely misses you.
You barely miss the hound. Your headbutt misses the hound.
The hound is severely wounded.
The hound bites you but does no damage. x2
You closely miss the hound.
The hound is severely wounded.
The hound bites you. x2
You barely miss the hound.
The hound is severely wounded.
The hound bites you.
You hit the hound. Your headbutt misses the hound.
The hound is severely wounded.
The hound barely misses you. The hound completely misses you.
You furiously retaliate!
You headbutt the hound. You closely miss the hound. You headbutt the hound.
You kill the hound!
Your Polearms skill increases to level 6!
You puncture the ogre!
The ogre is moderately wounded.
The ogre hits you with a +0 giant spiked club!!
Ouch! That really hurt!
* * * LOW HITPOINT WARNING * * *
You feel much better.
You barely miss the ogre.
The ogre is moderately wounded.
The ogre hits you with a +0 giant spiked club!!
Ouch! That really hurt!
You die...

▓+▓
▓.▓
▓.▓
▓.▓
▓l▓
▓S▓
▓O▓
▓@▓
▓.▓
▓.▓
▓.▓
▓.▓
▓)▓
▓.▓
▓.▓
▓.▓


You could see an ogre, an iguana and an adder.

Vanquished Creatures
  A hound (D)
  A jelly (D)
  A dart slug (D)
  2 goblins (D)
  A kobold (D)
  A rat (D)
7 creatures vanquished.

Notes
Turn   | Place    | Note
-------+----------+-------------------------------------------
     0 | D        | Heoruswealwe the Minotaur Fighter began the quest for the
                  | Orb.
     0 | D        | Reached XP level 1. HP: 19/19 MP: 0/0
     6 | D        | Reached skill level 3 in Polearms
    13 | D        | Reached skill level 4 in Polearms
    19 | D        | Noticed an iguana
    19 | D        | Noticed an ogre
    19 | D        | Noticed a hound
    19 | D        | Noticed a jelly
    20 | D        | Killed a jelly
    21 | D        | Reached skill level 5 in Fighting
    21 | D        | Reached skill level 5 in Polearms
    21 | D        | Reached skill level 5 in Armour
    21 | D        | Reached XP level 2. HP: 27/29 MP: 1/1
    21 | D        | Reached XP level 3. HP: 34/36 MP: 2/2
    34 | D        | Reached skill level 6 in Polearms
    36 | D        | Demolished by an ogre

Illustrated notes

Levels and vault maps discovered:
D:        linesprint [early_d, line_temple, items_1, d_10, items_2, lair_1,
          lair_end, items_3, orc_1, orc_end, items_4, d_15, swamp_1, shoals_1,
          snake_1, spider_1, d_20, vaults_1, items_5, swamp_end, shoals_end,
          snake_end, spider_end, vaults_end, d_27, items_6, zot_1, zot_end,
          crypt_end, forest_end, elf_end, slime_end, tomb_end, abyss_end,
          pan_hell_end]

Skill      XL: |  1  2  3 |
---------------+----------+-----
Fighting       | 5 |  5.8
Polearms       | 5 6 |  6.9
Armour         | 5 |  5.8
Shields        | |  3.6

Action                     || total
---------------------------++-------
  Melee: Trident           ||    25
         Headbutt          ||     4
    Use: Potion            ||     1
 Armour: Scale mail        ||    14
  Dodge: Dodged            ||    11
  Block: Buckler           ||     1
